 Dungeon Crawl Stone Soup version 0.28-a0-535-g6f645e4c1d (webtiles) character file.

Game seed: 10412610208702052246

1948 bande the Chopper (level 9, 0/54 HPs)
             Began as a Gargoyle Fighter on Sept 26, 2021.
             Was a Believer of Okawaru.
             Slain by a wight (18 damage)
             ... on level 6 of the Dungeon.
             The game lasted 00:12:05 (6883 turns).

bande the Chopper (Gargoyle Fighter)                Turns: 6883, Time: 00:12:05

Health: 0/54       AC: 21    Str: 20    XL:     9   Next: 18%
Magic:  9/10       EV:  7    Int: 10    God:    Okawaru [**....]
Gold:   483        SH:  5    Dex: 11    Spells: 8/8 levels left

rFire   + . .      SeeInvis .   a - +1 war axe
rCold   + . .      Faith    .   c - +0 buckler
rNeg    + . .      Spirit   .   t - +0 chain mail
rPois   ∞          Reflect  .   (no helmet)
rElec   +          Harm     .   r - +0 cloak
rCorr   .          Rampage  .   m - +0 pair of gloves
Will    .....                   f - +1 pair of boots
Stlth   ..........              (no amulet)
HPRegen 0.18/turn               k - ring of protection from cold
MPRegen 0.12/turn               i - ring of protection from fire

@: no status effects
A: sickness immunity, AC +6, negative energy resistance 1, electricity
resistance, torment resistance 1, petrification resistance
a: Renounce Religion, Heroism


You were on level 6 of the Dungeon.
You worshipped Okawaru.
Okawaru was pleased with you.
You visited 2 branches of the dungeon, and saw 7 of its levels.
You also visited: Ossuary.

You collected 483 gold pieces.

Inventory:

Hand Weapons
 a - a +1 war axe (weapon)
Armour
 c - a +0 buckler (worn)
 f - a +1 pair of boots (worn)
 m - a +0 pair of gloves (worn)
 p - a +0 scale mail of cold resistance
 r - a +0 cloak (worn)
 t - a +0 chain mail (worn)
Jewellery
 i - a ring of protection from fire (right hand)
 k - a ring of protection from cold (left hand)
 q - a ring of see invisible
Wands
 b - a wand of iceblast (6)
 v - a wand of flame (31)
Scrolls
 h - a scroll of brand weapon {unknown}
 j - 2 scrolls of teleportation
 l - a scroll of magic mapping
 s - a scroll of fear
Potions
 d - a potion of might
 e - a potion of curing
 g - 3 potions of haste
 n - a potion of attraction {unknown}
 x - a potion of brilliance


   Skills:
 + Level 5.4 Fighting
 + Level 7.5 Axes
 + Level 6.4 Armour
 - Level 0.2 Stealth
 + Level 4.7 Shields
 * Level 1.4 Invocations
 * Level 3.6 Evocations


You had 8 spell levels left.
You didn't know any spells.
Your spell library contained the following spells:

 Spells                   Type           Power      Damage    Failure   Level
 Apportation              Tloc           0%         N/A       97%         1
 Foxfire                  Conj/Fire      0%         2x1d4     97%         1
 Magic Dart               Conj           0%         1d3       97%         1
 Searing Ray              Conj           0%         2d4       99%         2
 Conjure Flame            Conj/Fire      0%         6-21      100%        3
 Inner Flame              Hex/Fire       0%         N/A       100%        3
 Flame Wave               Conj/Fire      0%         3d3       100%        4
 Fulminant Prism          Conj/Hex       0%         3d6       100%        4
 Blade Hands              Tmut           0%         N/A       100%        5
 Irradiate                Conj/Tmut      0%         3d14      100%        5
 Dragon Form              Tmut           0%         N/A       100%        7
 Animate Skeleton         Necr           Unusable   N/A       N/A         1
 Summon Small Mammal      Summ           Unusable   N/A       N/A         1

Dungeon Overview and Level Annotations

Branches:
Dungeon (6/15)             Temple (1/1) D:4         Ossuary (visited)

Altars:
Fedhas
Hepliaklqana
Kikubaaqudgha
Makhleb
Okawaru
Qazlal
Ru
Vehumet

Shops:
D:3 [   D:6 [


Innate Abilities, Weirdness & Mutations

You are immune to sickness and miasma.
Your stone body is resilient. (AC +6)
You are immune to poison.
You resist negative energy. (rN+)
You are resistant to electric shocks. (rElec)
You are resistant to unholy torment.
You are immune to petrification.


Message History

You start resting.
A wight comes into view. It is wielding a +0 long sword.
A wight is nearby!
You barely miss the wight. The wight barely misses you. x2
You barely miss the wight. The wight completely misses you.
You barely miss the wight.
The wight hits you with a +0 long sword!
You closely miss the wight.
The wight hits you with a +0 long sword.
* * * LOW HITPOINT WARNING * * *
You hit the wight.
The wight is lightly damaged.
You block the wight's attack.
You completely miss the wight.
The wight is lightly damaged.
The wight barely misses you.
You closely miss the wight.
The wight is lightly damaged.
The wight closely misses you.
You hit the wight.
The wight is moderately damaged.
The wight hits you but does no damage.
You hit the wight.
The wight is heavily damaged.
You block the wight's attack.
You hit the wight.
The wight is heavily damaged.
You block the wight's attack.
A wight comes into view. It is wielding a +3 great sword.
You hit the wight.
The wight is almost destroyed.
You block the wight's attack. The wight hits you but does no damage.
You hit the wight.
You destroy the wight!
Okawaru accepts your kill.
Things that are here:
a +0 long sword; a +0 robe You completely miss the wight.
The wight hits you with a +3 great sword!!
You die...

#.' ##.#.##.#
##>......#####
###...#...........
#......)..........
###.#.############
#.#.#############
#.#.............#
#.#z###########.###
#.#@# #.....# #.#)#
######.....## #.#.#
##............
#.#.###...#.......##
#....#.#.#........#
#.....##.##...#.#.#
#............##.#.#
#.....##.##.###.#.#
##.........## .#


You could see a wight.

Vanquished Creatures
  Sigmund (D:3)
  4 yaks (D:3)
  Edmund (D:5)
  A necrophage (D:5)
  3 ogres
  2 elf zombies (Ossuary)
  A scorpion (D:5)
  2 water moccasin zombies
  2 wights (D:6)
  A human zombie (Ossuary)
  A centaur zombie (D:5)
  A hound (D:4)
  A centaur skeleton (D:3)
  3 iguanas (D:4)
  2 mummies (Ossuary)
  A howler monkey zombie (D:5)
  4 adders
  3 shadow imps
  A white imp (D:5)
  2 ufetubi
  3 worms (D:2)
  3 dart slugs
  5 orcs
  8 ball pythons
  8 bats
  3 endoplasms
  6 giant cockroaches
  8 goblins
  4 hobgoblins
  9 jackals
  4 kobolds
  4 quokkas
  A frilled lizard (D:2)
  3 gnoll zombies (Ossuary)
  2 goblin zombies (Ossuary)
  A hobgoblin zombie (Ossuary)
  5 orc zombies (Ossuary)
  6 rats
  A rat zombie (D:4)
121 creatures vanquished.

Vanquished Creatures (others)
  4 plants (D:4)
  A withered plant (D:4)
5 creatures vanquished.

Grand Total: 126 creatures vanquished

Notes
Turn   | Place    | Note
-------+----------+-------------------------------------------
     0 | D:1      | bande the Gargoyle Fighter began the quest for the Orb.
     0 | D:1      | Reached XP level 1. HP: 14/14 MP: 1/1
   330 | D:1      | Reached skill level 2 in Axes
   330 | D:1      | Reached XP level 2. HP: 19/19 MP: 2/2
   856 | D:1      | Reached XP level 3. HP: 23/23 MP: 3/3
  1835 | D:2      | Reached XP level 4. HP: 28/28 MP: 4/4
  2035 | D:3      | Reached skill level 3 in Axes
  2316 | D:3      | Reached XP level 5. HP: 33/33 MP: 5/5
  2399 | D:3      | Found Axehoget's Armour Shop.
  2404 | D:3      | Noticed Sigmund
  2422 | D:3      | Killed Sigmund
  2423 | D:3      | Reached skill level 4 in Axes
  2423 | D:3      | Reached XP level 6. HP: 22/38 MP: 6/6
  2693 | D:3      | Found a faded altar of an unknown god.
  2936 | D:4      | Found a sand-covered staircase.
  2966 | Ossuary  | Entered an ossuary
  3133 | Ossuary  | Reached skill level 5 in Axes
  3133 | Ossuary  | Reached XP level 7. HP: 37/43 MP: 7/7
  3378 | D:4      | Noticed a yak
  3378 | D:4      | Noticed a yak
  3378 | D:4      | Noticed a yak
  3401 | D:4      | Noticed a yak
  3413 | D:3      | Killed a yak
  3414 | D:3      | Reached skill level 1 in Evocations
  3847 | D:3      | Killed a yak
  3854 | D:3      | HP: 2/44 [yak (11)]
  3855 | D:3      | Killed a yak
  3856 | D:3      | Reached skill level 6 in Axes
  3856 | D:3      | Reached skill level 5 in Armour
  3856 | D:3      | Reached XP level 8. HP: 2/48 MP: 8/8
  4467 | D:3      | Killed a yak
  4963 | D:4      | Found a staircase to the Ecumenical Temple.
  4972 | Temple   | Entered the Ecumenical Temple
  5001 | Temple   | Became a worshipper of Warmaster Okawaru
  5193 | D:4      | Found a stormy altar of Qazlal.
  5270 | D:4      | Found an ancient bone altar of Kikubaaqudgha.
  5271 | D:4      | Found a blossoming altar of Fedhas.
  5450 | D:5      | Entered Level 5 of the Dungeon
  5590 | D:5      | Noticed Edmund
  5603 | D:5      | Killed Edmund
  5604 | D:5      | Reached skill level 5 in Fighting
  5759 | D:5      | Found a burning altar of Makhleb.
  5952 | D:5      | Reached * piety under Okawaru
  5997 | D:5      | Reached skill level 7 in Axes
  6542 | D:6      | Found Hyn Pous's Armour Emporium.
  6565 | D:6      | Upgraded the game from 0.28-a0-533-g9f97627e2a to
                  | 0.28-a0-535-g6f645e4c1d
  6635 | D:6      | Reached XP level 9. HP: 33/54 MP: 9/9
  6689 | D:6      | Reached skill level 1 in Invocations
  6880 | D:6      | Reached ** piety under Okawaru
  6883 | D:6      | Slain by a wight

Illustrated notes

Levels and vault maps discovered:
D:1:      heliophobic_arrival_glass_houses, layout_rooms
D:2:      layout_rooms
D:3:      layout_basic, shapermc_ecumenical_altar_venn, serial_shops,
          nicolae_shop_trees, uniq_sigmund
D:4:      layout_rooms, grunt_temple_overflow_growth_and_decay,
          grunt_qazlal_sundering, minmay_temple_entry_statues_pillars,
          enter_ossuary_3
D:5:      minmay_evil_eye, layout_basic, mainiacjoe_overflow_24_doors,
          uniq_edmund
D:6:      layout_loops_ring, grunt_nemelex_the_gamble, serial_shops,
          nicolae_stop_n_shop_1, kennysheep_generic_room_15, uniq_blork_the_orc,
          uniq_grinder
Temple:   jpeg_temple_alley_garden

Skill      XL: |  1  2  3  4  5  6  7  8  9 |
---------------+----------------------------+-----
Axes           | 2 3 4 5 6 7 |  7.5
Armour         | 4 5 6 |  6.4
Shields        | 4 |  4.7
Fighting       | 4 5 |  5.4
Evocations     | 2 3 |  3.6
Invocations    | 1 |  1.4
Stealth        | |  0.2

Action                   |  1- 3 |  4- 6 |  7- 9 || total
-------------------------+-------+-------+-------++-------
Melee: War axe           |   130 |   115 |   222 ||   467
  Use: Scroll            |     2 |     2 |     6 ||    10
       Potion            |       |     1 |     1 ||     2
Armor: Scale mail        |    59 |    86 |    50 ||   195
       Chain mail        |       |       |    70 ||    70
Dodge: Dodged            |    74 |    72 |    73 ||   219
Block: Buckler           |    28 |    27 |    50 ||   105

Table legend: (Time is in decaauts)
 A = Elapsed time spent in this place.
 B = Non-inter-level travel time spent in this place.
 C = Inter-level travel time spent in this place.
 D = Time resting spent in this place.
 E = Time spent auto-exploring this place.
 F = Levels seen in this place.
 G = Mean time per level.
                   A        B        C        D        E       F      G
               +--------+--------+--------+--------+--------+-----+--------+
         Total |   6992 |   6873 |    119 |   2708 |   2769 |   8 |  874.0 |
       Dungeon |   6528 |   6409 |    119 |   2517 |   2671 |   6 | 1088.0 |
        Temple |     57 |     57 |      0 |      0 |      0 |   1 |   57.0 |
       Ossuary |    406 |    406 |      0 |    191 |     98 |   1 |  406.0 |
               +--------+--------+--------+--------+--------+-----+--------+

Top non-repeatable levels by time:
     D:3: 2267 daAuts
     D:1: 1482 daAuts
     D:5: 1102 daAuts
     D:4: 782 daAuts
     D:2: 545 daAuts
 Ossuary: 406 daAuts
     D:6: 348 daAuts
  Temple: 57 daAuts
